 Dungeon Crawl Stone Soup version 0.28-a0-305-g9e858e973b (webtiles) character file.

Game seed: 12086769219380120983

2626 zazu2006 the Magician (level 9, -2/78 HPs)
             Began as a Naga Hedge Wizard on Aug 29, 2021.
             Succumbed to a water moccasin's poison
             ... on level 7 of the Dungeon.
             The game lasted 00:13:41 (9619 turns).

zazu2006 the Magician (Naga Hedge Wizard)           Turns: 9619, Time: 00:13:42

Health: -2/78      AC:  7    Str: 14    XL:     9   Next: 60%
Magic:  19/19      EV: 10    Int: 16    God:
Gold:   336        SH:  0    Dex: 11    Spells: 12/21 levels left

rFire   . . .      SeeInvis +   q - +2 short sword (venom)
rCold   . . .      Faith    .   (no shield)
rNeg    . . .      Spirit   .   n - +0 leather armour
rPois   +          Reflect  .   c - +0 hat
rElec   .          Harm     .   r - +1 cloak
rCorr   .          Rampage  .   (no gloves)
Will    +....                   (no barding)
Stlth   +++.......              (no amulet)
HPRegen 0.23/turn               (no ring)
MPRegen 0.16/turn               (no ring)

@: lethally poisoned (-2 -> -23), very slow
A: AC +3, large, see invisible, deformed body, poison resistance, slowness 2,
spit poison 1, naga tail 1
a: Spit Poison


You were on level 7 of the Dungeon.
You visited 1 branch of the dungeon, and saw 8 of its levels.

You collected 336 gold pieces.

Inventory:

Hand Weapons
 b - a +2 short sword of speed
 q - a +2 short sword of venom (weapon)
 C - a +2 falchion of holy wrath
Armour
 c - a +0 hat (worn)
 k - a +2 ring mail of cold resistance
 n - a +0 leather armour (worn)
 r - a +1 cloak (worn)
Jewellery
 u - an amulet of magic regeneration
Wands
 a - a wand of digging (1)
 w - a wand of flame (18)
Scrolls
 d - 7 scrolls of identify
 h - a scroll of summoning {unknown}
 i - 2 scrolls of noise {unknown}
 j - a scroll of immolation {unknown}
 l - 3 scrolls of enchant armour {unknown}
 m - a scroll of blinking {unknown}
 o - a scroll of enchant weapon {unknown}
 s - 4 scrolls of teleportation {unknown}
 v - 3 scrolls of vulnerability {unknown}
 x - a scroll of fog {unknown}
 y - a scroll of holy word {unknown}
Potions
 e - 3 potions of curing
 f - 2 potions of attraction
 g - a potion of heal wounds
 p - a potion of resistance {unknown}
 t - 2 potions of mutation {unknown}
 z - 2 potions of lignification
 A - a potion of haste
 B - 2 potions of invisibility {unknown}


   Skills:
 + Level 4.2 Fighting
 + Level 3.8 Armour
 + Level 3.4 Dodging
 + Level 5.6 Stealth
 + Level 6.7 Spellcasting
 + Level 4.7 Conjurations
 + Level 1.0 Summonings
 + Level 1.1 Translocations
 + Level 0.9 Fire Magic
 + Level 1.8 Air Magic
 * Level 6.0 Poison Magic


You had 12 spell levels left.
You knew the following spells:

 Your Spells              Type           Power      Damage    Failure   Level
a - Magic Dart            Conj           80%        1d7       2%          1
b - Mephitic Cloud        Conj/Pois/Air  18%        N/A       9%          3
c - Conjure Flame         Conj/Fire      14%        6-21      14%         3
d - Blink                 Tloc           N/A        N/A       16%         2

Your spell library contained the following spells:

 Spells                   Type           Power      Damage    Failure   Level
 Animate Skeleton         Necr           10%        N/A       16%         1
 Pain                     Necr           20%        1d5       16%         1
 Call Imp                 Summ           8%         N/A       16%         2
 Stone Arrow              Conj/Erth      24%        3d8       19%         3
 Slow                     Hex            5%         N/A       24%         2
 Vampiric Draining        Necr           2%         2d6       43%         3
 Bolt of Magma            Conj/Fire/Erth 5%         4d5       90%         5
 Shatter                  Erth           2%         3d6*      100%        9


Dungeon Overview and Level Annotations

Branches:
Dungeon (8/15)             Temple (0/1) D:7
   Lair: D:8-11

Altars:
Dithmenos
Sif Muna
Trog
Wu Jian
Xom

Shops:
D:1 [


Innate Abilities, Weirdness & Mutations

Your serpentine skin is tough. (AC +3)
You have supernaturally acute eyesight. (SInv)
Armour fits poorly on your strangely shaped body.
Your system is resistant to poisons. (rPois)
You cover ground very slowly.
You can spit poison.
You have a snake-like lower body.


Message History

The howler monkey is almost dead.
You kill the howler monkey!
You hit the orc.
The orc is poisoned.
The orc is severely wounded.
The orc hits you but does no damage.
You closely miss the orc.
The orc is severely wounded.
The orc hits you with a +2 whip of holy wrath.
You hit the orc.
You kill the orc!
The water moccasin bites you.
You miss the water moccasin.
The orc shouts!
The orc hits you from afar with a +0 trident.
The water moccasin bites you.
You closely miss the water moccasin. The water moccasin bites you.
The orc hits you from afar with a +0 trident.
The water moccasin barely misses you.
You hit the water moccasin but do no damage.
The orc hits you but does no damage. The water moccasin bites you.
The orc closely misses you. The water moccasin closely misses you.
The water moccasin barely misses you. The water moccasin bites you!
* * * LOW HITPOINT WARNING * * *
You are poisoned.
The water moccasin poisons you!
The orc hits you from afar with a +0 trident.
* * * LOW HITPOINT WARNING * * *
There is a stone staircase leading up, spattered with blood here.
You feel very sick. The water moccasin misses you.
The orc hits you from afar with a +0 trident.
* * * LOW HITPOINT WARNING * * *
The water moccasin bites you.
* * * LOW HITPOINT WARNING * * *
You are more poisoned.
The water moccasin poisons you!
You climb upwards.
You die...

.#..'........#############.####..
.#..#.............##..####.#....#
.#..##.<##...##...#....'...#....#
.#..######'####...#....#...#....#
.#...# #....#....##..##...#....#
.#...# #..).#....######...#....#
.#...# ##)).##...##.......'....'
.#...# #)####S(.##.......#....#
.#..## #..)#..@.##..##...#....#
.#..######...#.)..##########....#
.#..#........#........##...#....#
.#..#........#.........#...#....#
##..##.......#.........#...#....'
##..##..##...##...##...'..>#....#
.#..##..##...##...##..##...#...(.
.#..##..##...#....######...#.....
##..##...#...#........##...#.....


You could see a water moccasin.

Vanquished Creatures
  Pikel (D:5)
  Grinder (D:3)
  Menkaure (D:4)
  Duvessa (D:5)
  An ice beast (D:6)
  2 sky beasts (D:6)
  A black bear (D:5)
  2 lemures (D:5)
  A kobold brigand (D:7)
  2 bullfrogs (D:7)
  2 scorpions
  Dowan (D:5)
  A water moccasin skeleton (D:6)
  4 howler monkeys
  A jelly (D:7)
  A centaur skeleton (D:5)
  A gnoll shaman (D:5)
  3 orc priests
  3 hounds
  A bullfrog skeleton (D:5)
  Jessica (D:2)
  Terence (D:3)
  2 iguanas
  6 orc wizards
  A hound zombie (D:5)
  A hound skeleton (D:4)
  7 adders
  8 gnolls
  A shadow imp (D:5)
  An adder skeleton (D:4)
  4 worms
  5 dart slugs
  17 orcs
  3 bats
  5 endoplasms
  5 giant cockroaches
  5 goblins
  7 hobgoblins
  A quokka (D:2)
  10 ball pythons
  5 frilled lizards
  16 kobolds
  6 rats
149 creatures vanquished.

Vanquished Creatures (others)
  A fungus (D:1)
1 creature vanquished.

Grand Total: 150 creatures vanquished

Notes
Turn   | Place    | Note
-------+----------+-------------------------------------------
     0 | D:1      | zazu2006 the Naga Hedge Wizard began the quest for the Orb.
     0 | D:1      | Reached XP level 1. HP: 15/15 MP: 4/4
   444 | D:1      | Found Silihoxa's Armour Emporium.
   479 | D:1      | Found a faded altar of an unknown god.
   486 | D:1      | Reached XP level 2. HP: 22/22 MP: 3/6
  1429 | D:2      | Reached XP level 3. HP: 26/28 MP: 1/8
  1733 | D:2      | Noticed Jessica
  1744 | D:2      | Killed Jessica
  2017 | D:2      | Reached XP level 4. HP: 36/36 MP: 5/10
  3133 | D:2      | Learned a level 3 spell: Mephitic Cloud
  3137 | D:2      | Learned a level 3 spell: Conjure Flame
  3140 | D:2      | Learned a level 2 spell: Blink
  3254 | D:3      | Reached XP level 5. HP: 11/42 MP: 1/11
  4033 | D:3      | Noticed Grinder
  4087 | D:3      | Killed Grinder
  4088 | D:3      | Reached skill level 5 in Spellcasting
  4088 | D:3      | Reached XP level 6. HP: 50/50 MP: 3/13
  4447 | D:3      | You fall into a shaft and drop 2 floors!
  4447 | D:5      | Entered Level 5 of the Dungeon
  4608 | D:3      | Noticed Terence
  4624 | D:3      | Killed Terence
  4625 | D:3      | Reached XP level 7. HP: 39/56 MP: 1/14
  4748 | D:3      | Noticed a moth of wrath
  4751 | D:3      | Found a bloodstained altar of Trog.
  5048 | D:4      | Reached skill level 1 in Fighting
  5189 | D:4      | Noticed Menkaure
  5197 | D:4      | Killed Menkaure
  5198 | D:4      | Reached skill level 1 in Armour
  5661 | D:5      | Reached XP level 8. HP: 33/64 MP: 8/16
  5942 | D:5      | Noticed Pikel
  5964 | D:5      | Killed Pikel
  5965 | D:5      | Reached skill level 1 in Air Magic
  6148 | D:5      | Found a shimmering altar of Xom.
  6148 | D:5      | Found a shimmering blue altar of Sif Muna.
  6156 | D:5      | Found a faded altar of an unknown god.
  6158 | D:5      | Found an ornate altar of the Wu Jian Council.
  6160 | D:5      | Found a shadowy altar of Dithmenos.
  6714 | D:5      | Noticed Duvessa
  6735 | D:5      | Killed Duvessa
  6736 | D:5      | Reached skill level 5 in Poison Magic
  6762 | D:5      | Noticed Dowan
  6769 | D:5      | Killed Dowan
  6770 | D:5      | Reached XP level 9. HP: 29/76 MP: 15/18
  7419 | D:6      | Reached skill level 5 in Stealth
  8756 | D:7      | Found a staircase to the Ecumenical Temple.
  9619 | D:7      | Succumbed to a water moccasin's poison

Illustrated notes

Levels and vault maps discovered:
D:1:      ncdulo_halloftheorcs, layout_loops_ring,
          dreamdust_ecumenical_altar_grove, serial_shops,
          nicolae_shop_waterfront, minmay_worlds_worst_comb
D:2:      layout_basic, uniq_jessica
D:3:      layout_basic, tgw_trog, uniq_terence, uniq_grinder
D:4:      layout_rooms, uniq_menkaure
D:5:      layout_loops_ring, chequers_temple_overflow_minitemple, uniq_duvessa,
          uniq_pikel
D:6:      layout_loops_cross
D:7:      layout_gridville, minmay_temple_entry_drinking_statues
D:8:      layout_basic, minivault_10, hangedman_decor_riveting,
          kennysheep_generic_room_6

Skill      XL: |  1  2  3  4  5  6  7  8  9 |
---------------+----------------------------+-----
Spellcasting   | 4 5 6 |  6.7
Conjurations   | 2 3 4 |  4.7
Dodging        | 2 3 |  3.4
Poison Magic   | 2 3 5 6 |  6.0
Stealth        | 4 5 |  5.6
Fighting       | 1 3 4 |  4.2
Armour         | 1 2 3 |  3.8
Air Magic      | 1 |  1.8
Summonings     | |  1.0
Translocations | |  1.1
Fire Magic     | |  0.9

Action                   |  1- 3 |  4- 6 |  7- 9 || total
-------------------------+-------+-------+-------++-------
Melee: Dagger            |    16 |     1 |       ||    17
       Short sword       |       |    20 |   234 ||   254
 Cast: Magic Dart        |    71 |   115 |    90 ||   276
       Blink             |       |     1 |     4 ||     5
       Mephitic Cloud    |       |     5 |    15 ||    20
       Conjure Flame     |       |       |     3 ||     3
 Abil: Spit Poison       |    12 |    15 |     9 ||    36
Evoke: Wand              |       |       |     3 ||     3
  Use: Potion            |       |     4 |       ||     4
       Scroll            |       |     2 |       ||     2
 Stab: Confused          |       |     1 |     5 ||     6
       Sleeping          |       |       |     2 ||     2
Armor: Robe              |     1 |       |       ||     1
       Skin              |       |     3 |       ||     3
       Leather armour    |       |     3 |    83 ||    86
Dodge: Dodged            |    20 |    17 |   113 ||   150

Table legend: (Time is in decaauts)
 A = Elapsed time spent in this place.
 B = Non-inter-level travel time spent in this place.
 C = Inter-level travel time spent in this place.
 D = Time resting spent in this place.
 E = Time spent auto-exploring this place.
 F = Levels seen in this place.
 G = Mean time per level.
                   A        B        C        D        E       F      G
               +--------+--------+--------+--------+--------+-----+--------+
         Total |  11375 |  11075 |    300 |    244 |   9337 |   8 | 1421.9 |
       Dungeon |  11375 |  11075 |    300 |    244 |   9337 |   8 | 1421.9 |
               +--------+--------+--------+--------+--------+-----+--------+

Top non-repeatable levels by time:
     D:2: 2137 daAuts
     D:5: 2130 daAuts
     D:3: 1864 daAuts
     D:1: 1650 daAuts
     D:6: 1475 daAuts
     D:7: 1166 daAuts
     D:4: 895 daAuts
     D:8: 56 daAuts
